| TOP OF THE 1ST |
|
Houston Astros batting - Pitching for Oakland Athletics : RHP Corbin Schenn
|
|
Pitching: RHP Corbin Schenn
|
|
|
Batting: RHB Danny Merrill
|
0-0: Called Strike 0-1: Ball 1-1: Fly out, F9 (Flyball, 9, EV 90.6 MPH)
|
|
Batting: LHB Eric Katz
|
0-0: Called Strike 0-1: SINGLE (Line Drive, 89M, EV 97.5 MPH)
|
|
Batting: SHB Joe Gardner
|
0-0: Foul Ball, location: 2F 0-1: Foul Ball, location: 2F 0-2: Ball 1-2: Ball 2-2: Strikes out swinging
|
|
Batting: RHB Eric Chotkowski
|
0-0: Ball 1-0: Called Strike 1-1: Swinging Strike 1-2: Strikes out swinging
|
| Top of the 1st over - 0 runs, 1 hit, 0 errors, 1 left on base; Houston 0 - Oakland 0 |
| BOTTOM OF THE 1ST |
|
Oakland Athletics batting - Pitching for Houston Astros : RHP Moises Hernandez Jr.
|
|
Pitching: RHP Moises Hernandez Jr.
|
|
|
Batting: RHB Jason May
|
0-0: Foul Ball, location: 2F 0-1: Ball 1-1: Ball 2-1: Foul Ball, location: 2F 2-2: Foul Ball, location: 2F 2-2: Ball 3-2: Strikes out swinging
|
|
Batting: RHB C.J. Beavers
|
0-0: Foul Ball, location: 2F 0-1: Ball 1-1: Ball 2-1: Swinging Strike 2-2: Ball 3-2: Foul Ball, location: 2F 3-2: Foul Ball, location: 2F 3-2: Fly out, F7 (Flyball, 7, EV 80.6 MPH)
|
|
Batting: RHB Muneo Kawachi
|
0-0: DOUBLE (Groundball, 5L, EV 105.6 MPH)
|
|
Batting: LHB Sakae Kasahara
|
0-0: Fly out, F5 (Popup, 56S, EV 91.9 MPH)
|
| Bottom of the 1st over - 0 runs, 1 hit, 0 errors, 1 left on base; Houston 0 - Oakland 0 |
| TOP OF THE 2ND |
|
Houston Astros batting - Pitching for Oakland Athletics : RHP Corbin Schenn
|
|
Batting: LHB Bryce Hill
|
0-0: Ball 1-0: Called Strike 1-1: SINGLE (Groundball, 5D, EV 105.0 MPH)
|
|
Batting: RHB Chris Lane
|
0-0: Called Strike 0-1: Foul Ball, location: 2F 0-2: Fly out, F8 (Flyball, 8LD, EV 96.2 MPH)
|
|
Batting: RHB Jeremy Trump
|
0-0: Fly out, F2 (Popup, 23F, EV 80.0 MPH)
|
|
Batting: RHB Elijah Hunter
|
0-0: Ball 1-0: Ball 2-0: Swinging Strike 2-1: Foul Ball, location: 2F 2-2: Ball 3-2: Base on Balls Bryce Hill to second
|
|
Batting: SHB Troy Kenyon
|
0-0: Ball 1-0: Ball 2-0: Swinging Strike 2-1: SINGLE (Groundball, 4MD, EV 102.5 MPH) Bryce Hill to third Elijah Hunter to second Runner from 3rd tries for Home, SAFE, throw by CF to home
|
|
Batting: RHB Danny Merrill
|
0-0: Ground out 5-3 (Groundball, 5S, EV 66.9 MPH)
|
| Top of the 2nd over - 1 run, 2 hits, 0 errors, 2 left on base; Houston 1 - Oakland 0 |
| BOTTOM OF THE 2ND |
|
Oakland Athletics batting - Pitching for Houston Astros : RHP Moises Hernandez Jr.
|
|
Batting: RHB Randy Shrewsbury
|
0-0: Ball 1-0: Foul Ball, location: 2F 1-1: SINGLE (Flyball, 34D, EV 91.9 MPH)
|
|
Batting: RHB Nick Gentzel
|
0-0: Swinging Strike 0-1: Swinging Strike 0-2: Strikes out swinging
|
|
Batting: SHB Ryan Langlois
|
0-0: Ball 1-0: Ball 2-0: Called Strike 2-1: Hit by Pitch Randy Shrewsbury to second
|
|
Batting: RHB Tim Cordle
|
0-0: Swinging Strike 0-1: Foul Ball, location: 2F 0-2: Fly out, F9 (Flyball, 9, EV 87.5 MPH)
|
|
Batting: RHB Garry Hash
|
0-0: Ball 1-0: Swinging Strike 1-1: Ball 2-1: Foul Ball, location: 2F 2-2: Strikes out looking
|
| Bottom of the 2nd over - 0 runs, 1 hit, 0 errors, 2 left on base; Houston 1 - Oakland 0 |
| TOP OF THE 3RD |
|
Houston Astros batting - Pitching for Oakland Athletics : RHP Corbin Schenn
|
|
Batting: LHB Eric Katz
|
0-0: Ball 1-0: Ground out 5-3 (Groundball, 5, EV 106.9 MPH)
|
|
Batting: SHB Joe Gardner
|
0-0: Called Strike 0-1: Foul Ball, location: 2F 0-2: Strikes out swinging
|
|
Batting: RHB Eric Chotkowski
|
0-0: Ball 1-0: Foul Ball, location: 2F 1-1: Foul Ball, location: 2F 1-2: Strikes out swinging
|
| Top of the 3rd over - 0 runs, 0 hits, 0 errors, 0 left on base; Houston 1 - Oakland 0 |
| BOTTOM OF THE 3RD |
|
Oakland Athletics batting - Pitching for Houston Astros : RHP Moises Hernandez Jr.
|
|
Batting: RHB Jason May
|
0-0: Foul Ball, location: 2F 0-1: Foul Ball, location: 2F 0-2: Ball 1-2: SINGLE (Flyball, 89S, EV 90.6 MPH)
|
|
Batting: RHB C.J. Beavers
|
0-0: Foul Ball, location: 2F 0-1: Called Strike 0-2: Ball 1-2: Ball 2-2: Foul Ball, location: 2F 2-2: Ball 3-2: Base on Balls Jason May to second
|
|
Pitching: RHP Bobby Leija
|
|
|
Batting: RHB Muneo Kawachi
|
0-0: Ball 1-0: Called Strike 1-1: Ball 2-1: Ball 3-1: Base on Balls Jason May to third C.J. Beavers to second
|
|
Batting: LHB Sakae Kasahara
|
0-0: Ball 1-0: Called Strike 1-1: Foul Ball, location: 2F 1-2: Ball 2-2: Foul Ball, location: 2F 2-2: Ball 3-2: Base on Balls Jason May scores C.J. Beavers to third Muneo Kawachi to second
|
|
Batting: RHB Randy Shrewsbury
|
0-0: Called Strike 0-1: Fly out, F9 (Flyball, 89M, EV 98.1 MPH)
|
|
Batting: RHB Nick Gentzel
|
0-0: Ball 1-0: Ball 2-0: Ball 3-0: Base on Balls C.J. Beavers scores Muneo Kawachi to third Sakae Kasahara to second
|
|
Batting: SHB Ryan Langlois
|
0-0: Ball 1-0: Foul Ball, location: 2F 1-1: Ball 2-1: Swinging Strike 2-2: SINGLE (Groundball, 6D, EV 100.6 MPH) Muneo Kawachi scores Sakae Kasahara to third Nick Gentzel to second Runner from 3rd tries for Home, SAFE, throw by CF to home
|
|
Batting: RHB Tim Cordle
|
0-0: Called Strike Nick Gentzel steals 3rd base Ryan Langlois to second 0-1: Ball 1-1: Fly out, F7 (Flyball, 7LD, EV 103.8 MPH) Runner from 3rd tags up, SCORES, no throw by LF Ryan Langlois to third
|
|
Batting: RHB Garry Hash
|
0-0: Called Strike 0-1: Ball 1-1: Called Strike 1-2: Strikes out looking
|
| Bottom of the 3rd over - 5 runs, 2 hits, 0 errors, 1 left on base; Houston 1 - Oakland 5 |
| TOP OF THE 4TH |
|
Houston Astros batting - Pitching for Oakland Athletics : RHP Corbin Schenn
|
|
Pitching: RHP Craig Daniel
|
|
|
Batting: LHB Bryce Hill
|
0-0: Called Strike 0-1: Ball 1-1: Ground out 6-3 (Groundball, 4S, EV 93.8 MPH)
|
|
Batting: RHB Chris Lane
|
0-0: Ball 1-0: Foul Ball, location: 2F 1-1: Called Strike 1-2: Foul Ball, location: 2F 1-2: Strikes out swinging
|
|
Batting: RHB Jeremy Trump
|
0-0: Ball 1-0: Ball 2-0: Foul Ball, location: 2F 2-1: Fly out, F2 (Popup, 23F, EV 85.0 MPH)
|
| Top of the 4th over - 0 runs, 0 hits, 0 errors, 0 left on base; Houston 1 - Oakland 5 |
| BOTTOM OF THE 4TH |
|
Oakland Athletics batting - Pitching for Houston Astros : RHP Bobby Leija
|
|
Pinch Hitting: RHB Ryan Kinkead
|
0-0: Ball 1-0: Called Strike 1-1: SINGLE (Groundball, 4MD, EV 100.0 MPH)
|
|
Pinch Hitting: RHB Tommy Baird
|
0-0: Fielders Choice at 2nd, 1-4 (Groundball, 15S, EV 70.6 MPH)
|
|
Pinch Hitting: RHB Robby Godwin
|
0-0: Swinging Strike 0-1: Swinging Strike 0-2: Strikes out swinging
|
|
Batting: LHB Sakae Kasahara
|
0-0: Called Strike Tommy Baird steals 2nd base 0-1: Ball 1-1: Ball 2-1: Called Strike 2-2: Ball 3-2: DOUBLE (Flyball, 78D, EV 92.5 MPH) Tommy Baird scores
|
|
Pitching: RHP Willie Jimenez
|
|
|
Pinch Hitting: SHB Quincy Bradford
|
0-0: Foul Ball, location: 2F 0-1: Ball 1-1: Ball 2-1: Ball 3-1: Base on Balls
|
|
Batting: RHB Nick Gentzel
|
0-0: Foul Ball, location: 2F 0-1: Ball Wild Pitch! Sakae Kasahara to third Quincy Bradford to second 1-1: SINGLE (Groundball, 5S, EV 68.8 MPH) (infield hit) Sakae Kasahara scores Quincy Bradford to third
|
|
Pinch Hitting: SHB Robert Santiago
|
0-0: Called Strike 0-1: Swinging Strike 0-2: Ball 1-2: Foul Ball, location: 2F 1-2: Ball 2-2: Foul Ball, location: 2F 2-2: Foul Ball, location: 2F 2-2: Strikes out swinging
|
| Bottom of the 4th over - 2 runs, 3 hits, 0 errors, 2 left on base; Houston 1 - Oakland 7 |
| TOP OF THE 5TH |
|
Houston Astros batting - Pitching for Oakland Athletics : RHP Craig Daniel
|
|
Pitching: RHP Mike Pedigo
|
|
|
Now at 1B: Ryan Kinkead
|
|
|
Now at 2B: Quincy Bradford
|
|
|
Now at 3B: Travis Robinson
|
|
|
Now at SS: Robert Santiago
|
|
|
Now in CF: Tommy Baird
|
|
|
Now in RF: Robby Godwin
|
|
|
Batting: RHB Elijah Hunter
|
0-0: Called Strike 0-1: Foul Ball, location: 2F 0-2: Ball 1-2: Ball 2-2: Ground out 5-3 (Groundball, 56, EV 95.0 MPH)
|
|
Batting: SHB Troy Kenyon
|
0-0: Ball 1-0: Ball 2-0: Ball 3-0: Called Strike 3-1: Foul Ball, location: 2F 3-2: Ground out U3 (Groundball, 3, EV 85.0 MPH)
|
|
Batting: RHB Danny Merrill
|
0-0: Ball 1-0: Ball 2-0: Called Strike 2-1: Called Strike 2-2: Ball 3-2: Foul Ball, location: 2F 3-2: Base on Balls
|
|
Pinch Hitting: LHB Jimmy Edlin
|
0-0: Swinging Strike 0-1: Swinging Strike 0-2: Ball 1-2: Strikes out swinging
|
| Top of the 5th over - 0 runs, 0 hits, 0 errors, 1 left on base; Houston 1 - Oakland 7 |
| BOTTOM OF THE 5TH |
|
Oakland Athletics batting - Pitching for Houston Astros : RHP Willie Jimenez
|
|
Now at 3B: Paskar Adegoke
|
|
|
Now in LF: Jimmy Edlin
|
|
|
Batting: RHB Travis Robinson
|
0-0: Called Strike 0-1: Foul Ball, location: 2F 0-2: Strikes out swinging
|
|
Batting: RHB Garry Hash
|
0-0: Called Strike 0-1: Foul Ball, location: 2F 0-2: Ground out 5-3 (Groundball, 5, EV 82.5 MPH)
|
|
Batting: RHB Ryan Kinkead
|
0-0: Called Strike 0-1: Swinging Strike 0-2: Strikes out swinging
|
| Bottom of the 5th over - 0 runs, 0 hits, 0 errors, 0 left on base; Houston 1 - Oakland 7 |
| TOP OF THE 6TH |
|
Houston Astros batting - Pitching for Oakland Athletics : RHP Mike Pedigo
|
|
Pitching: RHP Elijah Everett
|
|
|
Batting: SHB Joe Gardner
|
0-0: Ball 1-0: Called Strike 1-1: Swinging Strike 1-2: SINGLE (Groundball, 15S, EV 69.4 MPH) (infield hit)
|
|
Batting: SHB Paskar Adegoke
|
0-0: Grounds into double play, 6-4-3 (Groundball, 6M, EV 105.0 MPH)
|
|
Batting: LHB Bryce Hill
|
0-0: Called Strike 0-1: Swinging Strike 0-2: Ball 1-2: Foul Ball, location: 2F 1-2: Ball 2-2: Strikes out swinging
|
| Top of the 6th over - 0 runs, 1 hit, 0 errors, 0 left on base; Houston 1 - Oakland 7 |
| BOTTOM OF THE 6TH |
|
Oakland Athletics batting - Pitching for Houston Astros : RHP Willie Jimenez
|
|
Batting: RHB Tommy Baird
|
0-0: Ball 1-0: Called Strike 1-1: Ball 2-1: Ball 3-1: Foul Ball, location: 2F 3-2: Foul Ball, location: 2F 3-2: Base on Balls
|
|
Batting: RHB Robby Godwin
|
0-0: Called Strike 0-1: Grounds into double play, 6-4-3 (Groundball, 6, EV 103.1 MPH)
|
|
Batting: SHB D.J. Codd
|
0-0: Fly out, F7 (Flyball, 78M, EV 84.4 MPH)
|
| Bottom of the 6th over - 0 runs, 0 hits, 0 errors, 0 left on base; Houston 1 - Oakland 7 |
| TOP OF THE 7TH |
|
Houston Astros batting - Pitching for Oakland Athletics : RHP Elijah Everett
|
|
Pitching: RHP Kevin Endsley
|
|
|
Pinch Hitting: LHB Angelo Vasquez
|
0-0: Swinging Strike 0-1: Ball 1-1: Fly out, F8 (Flyball, 8LM, EV 85.6 MPH)
|
|
Batting: RHB Jeremy Trump
|
0-0: Swinging Strike 0-1: Foul Ball, location: 2F 0-2: Ball 1-2: Foul Ball, location: 2F 1-2: Ball 2-2: Ball 3-2: Base on Balls
|
|
Batting: RHB Mark Marks
|
0-0: Ball Jeremy Trump is caught stealing 2nd base 2-4 1-0: Swinging Strike 1-1: Ball 2-1: Ball 3-1: Swinging Strike 3-2: Fly out, F8 (Flyball, 8RXD, EV 106.9 MPH)
|
| Top of the 7th over - 0 runs, 0 hits, 0 errors, 0 left on base; Houston 1 - Oakland 7 |
| BOTTOM OF THE 7TH |
|
Oakland Athletics batting - Pitching for Houston Astros : RHP Willie Jimenez
|
|
Pitching: RHP Bill Dillard
|
|
|
Now at 1B: Angelo Vasquez
|
|
|
Batting: SHB Quincy Bradford
|
0-0: Ball 1-0: Foul Ball, location: 2F 1-1: Fly out, F7 (Flyball, 78M, EV 95.6 MPH)
|
|
Pinch Hitting: LHB R.J. O'Brien
|
0-0: Foul Ball, location: 2F 0-1: Ball 1-1: Foul Ball, location: 2F 1-2: Ground out 4-3 (Groundball, 4S, EV 91.9 MPH)
|
|
Batting: SHB Robert Santiago
|
0-0: Called Strike 0-1: Ball 1-1: Ball 2-1: Fly out, F8 (Flyball, 89S, EV 76.9 MPH)
|
| Bottom of the 7th over - 0 runs, 0 hits, 0 errors, 0 left on base; Houston 1 - Oakland 7 |
| TOP OF THE 8TH |
|
Houston Astros batting - Pitching for Oakland Athletics : RHP Kevin Endsley
|
|
Now in LF: R.J. O'Brien
|
|
|
Batting: SHB Troy Kenyon
|
0-0: Called Strike 0-1: Swinging Strike 0-2: Ball 1-2: Foul Ball, location: 2F 1-2: Strikes out swinging
|
|
Batting: RHB Danny Merrill
|
0-0: Called Strike 0-1: Called Strike 0-2: Ball 1-2: SINGLE (Groundball, 56D, EV 99.4 MPH)
|
|
Batting: LHB Jimmy Edlin
|
0-0: Called Strike 0-1: Fielders Choice at 2nd, 4-6 (Groundball, 34S, EV 80.0 MPH)
|
|
Batting: SHB Joe Gardner
|
0-0: Ball 1-0: Ball 2-0: Ball 3-0: Called Strike 3-1: Swinging Strike 3-2: Base on Balls Jimmy Edlin to second
|
|
Batting: SHB Paskar Adegoke
|
0-0: Ball 1-0: Ball 2-0: Called Strike 2-1: Ball 3-1: Fielders Choice at 2nd, 6-4 (Groundball, 4M, EV 101.2 MPH)
|
| Top of the 8th over - 0 runs, 1 hit, 0 errors, 2 left on base; Houston 1 - Oakland 7 |
| BOTTOM OF THE 8TH |
|
Oakland Athletics batting - Pitching for Houston Astros : RHP Bill Dillard
|
|
Pitching: RHP John Mathis
|
|
|
Batting: RHB Travis Robinson
|
0-0: Ground out 5-3 (Groundball, 56, EV 102.5 MPH)
|
|
Pitching: RHP Bill Garcia
|
|
|
Batting: RHB Garry Hash
|
0-0: Ball 1-0: Called Strike 1-1: Foul Ball, location: 2F 1-2: TRIPLE (Groundball, 3L, EV 100.0 MPH)
|
|
Pinch Hitting: RHB Jonathan Ellis
|
0-0: Foul Ball, location: 2F 0-1: Swinging Strike 0-2: Strikes out swinging
|
|
Batting: RHB Tommy Baird
|
0-0: Ball 1-0: Called Strike 1-1: Fly out, F3 (Popup, 3S, EV 76.2 MPH)
|
| Bottom of the 8th over - 0 runs, 1 hit, 0 errors, 1 left on base; Houston 1 - Oakland 7 |
| TOP OF THE 9TH |
|
Houston Astros batting - Pitching for Oakland Athletics : RHP Kevin Endsley
|
|
Pitching: RHP Germano Nunes
|
|
|
Now at 1B: Jonathan Ellis
|
|
|
Batting: LHB Bryce Hill
|
0-0: Ball 1-0: Ball 2-0: Foul Ball, location: 2F 2-1: Ball 3-1: Foul Ball, location: 2F 3-2: Base on Balls
|
|
Batting: LHB Angelo Vasquez
|
0-0: Ball 1-0: Foul Ball, location: 2F 1-1: Ball 2-1: Called Strike 2-2: Fielders Choice at 2nd, 1-6 (Groundball, 23, EV 73.1 MPH)
|
|
Batting: RHB Jeremy Trump
|
0-0: Foul Ball, location: 2F 0-1: Called Strike 0-2: Foul Ball, location: 2F 0-2: Ball 1-2: Fly out, F4 (Popup, 4, EV 73.1 MPH)
|
|
Batting: RHB Mark Marks
|
0-0: Ball 1-0: Swinging Strike 1-1: Ball 2-1: Ball 3-1: Fly out, F8 (Flyball, 78M, EV 82.5 MPH)
|
| Top of the 9th over - 0 runs, 0 hits, 0 errors, 1 left on base; Houston 1 - Oakland 7 |
|